 Dungeon Crawl Stone Soup version 0.22-a0-877-g5c4e1af (webtiles) character file.

72 prawnwizard the Slasher (level 4, -1/34 HPs)
             Began as a Demonspawn Gladiator on July 29, 2018.
             Slain by a gnoll
             ... wielding a +0 spear
              (2 damage)
             ... on level 2 of the Dungeon.
             The game lasted 00:02:06 (2385 turns).

prawnwizard the Slasher (Demonspawn Gladiator)      Turns: 2385, Time: 00:02:06

Health: -1/34      AC:  7    Str: 16    XL:     4   Next: 6%
Magic:  4/4        EV: 15    Int:  9    God:
Gold:   60         SH:  0    Dex: 14    Spells: 3/3 levels left

rFire    . . .     SeeInvis .     - Unarmed
rCold    . . .     Gourm    .   (no shield)
rNeg     . . .     Faith    .   b - +0 leather armour
rPois    .         Spirit   .   c - +0 helmet
rElec    .         Reflect  .   (no cloak)
rCorr    .         Harm     .   (no gloves)
MR       .....                  (no boots)
Stlth    ++........             (no amulet)
HPRegen  0.11/turn              i - +3 ring of protection
MPRegen  0.09/turn              (no ring)

@: no status effects
A: claws 1, repulsion field 1, nightstalker 1
a: no special abilities


You were on level 2 of the Dungeon.
You were hungry.

You visited 1 branch of the dungeon, and saw 3 of its levels.

You collected 60 gold pieces.

Inventory:

Missiles
 d - 3 throwing nets (quivered)
Armour
 b - a +0 leather armour (worn)
 c - a +0 helmet (worn)
Jewellery
 i - a +3 ring of protection (left claw)
Scrolls
 e - a scroll of magic mapping {unknown}
 g - a scroll of remove curse {unknown}
 h - a scroll of identify {unknown}
 j - a scroll of immolation {unknown}
 l - a scroll of teleportation {unknown}
Potions
 a - a potion of haste {unknown}
 m - a potion of degeneration {unknown}
Comestibles
 f - 4 rations


   Skills:
 + Level 2.7 Fighting
   Level 3.3 Long Blades
 - Level 1.7 Throwing
 + Level 3.2 Dodging
 * Level 1.3 Unarmed Combat


You had 3 spell levels left.
You didn't know any spells.
Your spell library was empty.

Dungeon Overview and Level Annotations

Branches:
Dungeon (3/15)

Altars:
Ashenzari
Makhleb


Innate Abilities, Weirdness & Mutations

You have sharp fingernails.
You are surrounded by a mild repulsion field. (EV +2)
You are slightly more attuned to the shadows.


Message History

The gnoll barely misses you.
You scratch the worm but do no damage.
The worm is heavily wounded.
The gnoll completely misses you. The worm bites you.
* * * LOW HITPOINT WARNING * * *
You scratch the worm but do no damage.
The worm is heavily wounded.
The gnoll closely misses you. The worm misses you.
You scratch the worm.
The worm is heavily wounded.
The gnoll hits you from afar with a spear.
* * * LOW HITPOINT WARNING * * *
You barely miss the worm.
The worm is heavily wounded.
The gnoll barely misses you. The worm bites you.
* * * LOW HITPOINT WARNING * * *
You scratch the worm.
The worm is severely wounded.
The gnoll hits you from afar with a spear.
You die...

#...<..#.#≈.≈.≈≈≈≈.≈.≈#.##
######.###≈.≈......≈.≈#...
#####)###≈.≈≈≈≈≈≈≈≈.≈#...
#.......'.....).....≈#...
#.###.#.#≈≈≈≈≈≈≈≈≈≈.≈#...
#.###.#.###########'##...
#.##..#.###...>...#......
#.....#.##.....(.......).
#.......@wg..............
#.......##.........####..
#.##.######.......##)....
#.#### ##.....###.##.. #.#
#########...## #.##.# #)#
#......<##'## #.##.# #.#
#.#####.##.# #.##.# #.#
#.# #.##.#####.....
#.###.### #.#...(.......#


You could see a worm and a gnoll.

Vanquished Creatures
  2 adders (D:2)
  A dart slug (D:1)
  2 leopard geckos
  3 goblins
  11 hobgoblins
  2 jackals (D:2)
  A ball python (D:3)
  9 bats
  6 frilled lizards
  8 kobolds
  4 rats
49 creatures vanquished.

Notes
Turn   | Place    | Note
-------+----------+-------------------------------------------
     0 | D:1      | prawnwizard the Demonspawn Gladiator began the quest for the Orb.
     0 | D:1      | Reached XP level 1. HP: 16/16 MP: 1/1
   167 | D:1      | Gained mutation: You are surrounded by a mild repulsion field. (EV +2) [demonic ancestry]
   167 | D:1      | Reached XP level 2. HP: 13/22 MP: 2/2
   466 | D:1      | Found a shattered altar of Ashenzari.
   781 | D:1      | Gained mutation: You have sharp fingernails. [demonic ancestry]
   781 | D:1      | Reached XP level 3. HP: 28/28 MP: 3/3
  1429 | D:2      | Reached skill level 1 in Unarmed Combat
  1950 | D:2      | Found a burning altar of Makhleb.
  2104 | D:3      | Gained mutation: You are slightly more attuned to the shadows. [demonic ancestry]
  2104 | D:3      | Reached XP level 4. HP: 34/34 MP: 4/4
  2384 | D:2      | HP: 1/34 [worm (2)]
  2385 | D:2      | Slain by a gnoll

Vault maps used:
D:1:      nzn_arrival_settlement, ashenzari_altar_1
D:2:      lemuel_coloured_pillars_altar, kennysheep_small_spiral
D:3:      lemuel_castle_with_subvaults, nicolae_gozag_seed_capital,
          gammafunk_temple_overflow_elements

Skill      XL: |  1  2  3 |
---------------+----------+-----
Long Blades    | 3 |  3.3
Dodging        | 3 |  3.2
Unarmed Combat | 1 |  1.3
Fighting       | |  2.7
Throwing       | |  1.7

Action                   |  1- 3 |  4- 6 || total
-------------------------+-------+-------++-------
Melee: Long sword        |    66 |       ||    66
       Unarmed           |   101 |    40 ||   141
       Punch             |       |     1 ||     1
 Stab: Sleeping          |     1 |       ||     1
  Eat: Chunk             |     4 |       ||     4
Armor: Leather armour    |    39 |    21 ||    60
Dodge: Dodged            |   146 |    43 ||   189
       Rpst.: Long sword |    17 |       ||    17

Table legend:
 A = Spawn XP
 B = Non-spawn XP
 C = Spawn XP percentage of total XP
 D = Spawn monster count
 E = Non-spawn monster count
 F = Spawn count percentage of total count
 G = Total turns spent on level
                    A         B        C        D         E        F      G
               +---------+---------+-------+---------+---------+-------+---------
         Total |       0 |     103 |   0.0 |       0 |      49 |   0.0 |  2385
               +---------+---------+-------+---------+---------+-------+---------
           D:1 |       0 |      41 |   0.0 |       0 |      25 |   0.0 |   859
           D:2 |       0 |      57 |   0.0 |       0 |      21 |   0.0 |  1446
           D:3 |       0 |       5 |   0.0 |       0 |       3 |   0.0 |    80
               +---------+---------+-------+---------+---------+-------+---------
